Penguins vs Wranglers
Created - April 17, 2024 at 20:40
Goals
|
| Penguins |
0 |
2 |
0 |
2 |
| Wranglers |
1 |
3 |
2 |
6 |
|
Shots
|
| Penguins |
16 |
11 |
4 |
31 |
| Wranglers |
17 |
12 |
11 |
40 |
|
1st period
1. Wranglers , Rasmus Andersson 13 (Evgeny Svechnikov 53, Michael Hutchinson) at 0:46 (PP)
Penalties :
John Marino (Wil) for Interference (Minor) at 0:29, Brett Kulak (Wil) for Holding (Minor) at 5:48, Brett Kulak (Wil) for Tripping (Minor) at 9:13
2nd period
2. Wranglers , Peter Cehlarik 30 (Nico Sturm 46) at 0:08
3. Wranglers , Nico Sturm 32 (Peter Cehlarik 37, Evgeny Svechnikov 54) at 1:46
4. Wranglers , Ryan Spooner 25 (Barclay Goodrow 19, Erik Brannstrom 43) at 4:29 (PP)
5. Penguins , Adam Brooks 28 (Clayton Keller 14, Eetu Luostarinen 25) at 9:31 (PP)
6. Penguins , Iven Barbashev 36 (Alexander Romanov 6, Max Gortz 12) at 17:22
Penalties :
John Marino (Wil) for Boarding (Minor) at 4:24, Ryan Donato (Cal) for Hooking (Minor) at 8:25, Philipp Kurashev (Wil) for Tripping (Minor) at 18:51
3rd period
7. Wranglers , Jesper Bratt 28 (Barclay Goodrow 20) at 8:37
8. Wranglers , Nico Sturm 33 (Erik Brannstrom 44, Michael Hutchinson) at 10:01 (PP)
Penalties :
Clayton Keller (Wil) for Roughing (Minor) at 5:37, Denis Malgin (Wil) for Roughing (Minor) at 9:49, Frank Corrado (Cal) for Roughing (Double Minor) at 12:48, Ryan Donato (Cal) for High sticking (Minor) at 18:28
Goalie Stats
Anthony Stolarz (Wil), 34 saves from 40 shots - (0.850), L, 7-15-5, 60:00 minutes
Michael Hutchinson (Cal), 29 saves from 31 shots - (0.935), W, 32-24-6, 60:00 minutes
Players Stats for Penguins
Player Name G A P +/- PIM S H SB GA TA FO MP PP MP PK MP
------------------------------------------------------------------------------------
Adam Brooks 1 0 1 -1 0 4 0 1 0 0 3/13 18:41 2:47 3:13
Alexander Romanov 0 1 1 0 0 1 2 1 0 1 0/0 12:25 0:00 1:34
Brett Kulak 0 0 0 -2 4 0 3 3 2 1 0/0 26:42 3:18 2:30
Clayton Keller 0 1 1 -1 2 1 1 0 1 0 2/2 13:26 2:47 0:00
Dakota Mermis 0 0 0 -2 0 1 4 1 0 1 0/0 29:03 2:32 5:19
Denis Malgin 0 0 0 -1 2 2 1 0 0 0 1/5 11:20 0:49 0:00
Eetu Luostarinen 0 1 1 -1 0 1 0 1 0 0 2/2 18:59 2:52 3:26
Evan Rodrigues 0 0 0 0 0 4 3 0 0 3 16/37 22:57 2:54 5:04
Iven Barbashev 1 0 1 0 0 8 1 0 1 1 1/2 23:04 2:47 5:04
Jeff Malott 0 0 0 -1 0 1 0 0 0 0 1/1 11:06 0:48 0:00
Jesper Boqvist 0 0 0 -1 0 1 0 0 0 0 0/0 11:08 0:42 0:00
John Marino 0 0 0 0 4 1 0 3 0 1 0/0 19:46 3:01 3:06
Josh Ho-Sang 0 0 0 0 0 2 0 0 0 0 0/0 6:42 0:00 0:00
Matthew Finn 0 0 0 0 0 0 2 5 0 0 0/0 21:13 3:01 4:31
Max Gortz 0 1 1 0 0 2 1 1 0 1 1/1 18:27 2:48 0:13
Noah Dobson 0 0 0 0 0 1 0 0 0 1 0/0 11:21 1:20 0:00
Philipp Kurashev 0 0 0 0 2 1 0 0 1 0 0/1 8:21 0:34 0:00
Sampo Ranta 0 0 0 0 0 0 1 0 0 0 0/0 6:42 0:00 0:00
Players Stats for Wranglers
Player Name G A P +/- PIM S H SB GA TA FO MP PP MP PK MP
------------------------------------------------------------------------------------
Barclay Goodrow 0 2 2 1 0 1 2 1 0 0 0/0 17:49 3:27 3:02
Brandon Hickey 0 0 0 -1 0 1 0 2 0 0 0/0 15:13 0:00 2:52
Christian Jaros 0 0 0 0 0 0 0 2 0 0 0/0 13:33 0:00 2:46
Eric Karlsson 0 0 0 -1 0 3 2 0 1 1 0/0 12:20 0:00 1:31
Erik Brannstrom 0 2 2 1 0 3 2 1 0 1 0/0 21:16 5:54 1:10
Evgeny Svechnikov 0 2 2 2 0 2 0 0 0 0 1/1 20:40 5:03 0:29
Frank Corrado 0 0 0 1 4 1 2 0 0 0 0/0 17:55 2:36 0:00
Jesper Bratt 1 0 1 1 0 8 4 3 2 0 2/3 18:44 5:03 1:44
Nico Sturm 2 1 3 2 0 8 1 0 0 0 16/30 21:55 5:03 1:44
Peter Cehlarik 1 1 2 2 0 5 2 1 0 0 3/4 17:32 0:00 3:03
Petteri Lindbohm 0 0 0 1 0 0 0 0 2 1 0/0 25:23 2:36 2:59
Rasmus Andersson 1 0 1 2 0 3 0 2 2 2 0/0 26:10 5:54 2:56
Ryan Donato 0 0 0 -1 4 1 2 0 2 0 4/7 15:23 3:27 1:07
Ryan Spooner 1 0 1 1 0 2 0 0 0 0 9/16 15:29 3:27 0:42
Tage Thompson 0 0 0 0 0 1 0 0 1 0 0/0 7:37 0:00 0:00
Taylor Raddysh 0 0 0 -1 0 0 1 0 0 0 0/0 10:49 0:00 0:00
Vitali Kravtsov 0 0 0 0 0 0 0 0 0 0 0/0 7:56 0:00 0:19
Vladislav Kamenev 0 0 0 0 0 1 1 0 0 0 2/3 7:37 0:00 0:00
3 Stars
1 - Nico Sturm (Cal)
2 - Peter Cehlarik (Cal)
3 - Jesper Bratt (Cal)
Power Play
Penguins - 1 on 4 Attempt(s) - 25.00%
Wranglers - 3 on 7 Attempt(s) - 42.86%
Penalty Kill
Penguins - 4 on 7 Attempt(s) - 57.14%
- Score 0 goal in Penalty Kill
Wranglers - 3 on 4 Attempt(s) - 75.00%
- Score 0 goal in Penalty Kill
Team Stat
Penguins - Hits : 19 - Faceoff Wins : 27 - Blocked Shots : 16 - Penalty Minutes : 14
Wranglers - Hits : 19 - Faceoff Wins : 37 - Blocked Shots : 12 - Penalty Minutes : 8
Official
Referees : Reid Anderson and Marc Joannette
Linesman : Shandor Alphonso and Michel Cormier
Game Notes
No Game Note
Finance
Level 1 -- Attendance: 1913 (95.65%) -- Ticket Income $133,910
Level 2 -- Attendance: 882 (88.20%) -- Ticket Income $35,280
Total Attendance: 2795 (93.17%)
Total Ticket Income: $169,190
Other Income: $8,460
Total Income: $177,650
Penguins
5 vs 5 Forward
Center Left Wing Right Wing Time % Phy DF OF
1 Evan Rodrigues Iven Barbashev Max Gortz 40 1 2 2
2 Adam Brooks Eetu Luostarinen Clayton Keller 30 1 2 2
3 Denis Malgin Jeff Malott Jesper Boqvist 20 1 2 2
4 Philipp Kurashev Sampo Ranta Josh Ho-Sang 10 1 2 2
5 vs 5 Defense
Defense Defense Time % Phy DF OF
1 Brett Kulak Dakota Mermis 40 1 2 2
2 John Marino Matthew Finn 30 1 2 2
3 Alexander Romanov Noah Dobson 20 1 2 2
4 Brett Kulak Dakota Mermis 10 1 2 2
PowerPlay Forward
Center Left Wing Right Wing Time % Phy DF OF
1 Evan Rodrigues Iven Barbashev Max Gortz 60 1 1 3
2 Adam Brooks Eetu Luostarinen Clayton Keller 40 1 1 3
PowerPlay Defense
Defense Defense Time % Phy DF OF
1 Brett Kulak Dakota Mermis 60 1 1 3
2 John Marino Matthew Finn 40 1 1 3
Penalty Kill 4 Players Forward
Center Wing Time % Phy DF OF
1 Evan Rodrigues Iven Barbashev 60 1 3 1
2 Adam Brooks Eetu Luostarinen 40 1 3 1
Penalty Kill 4 Players Defense
Defense Defense Time % Phy DF OF
1 Brett Kulak Dakota Mermis 60 1 3 1
2 John Marino Matthew Finn 40 1 3 1
Penalty Kill - 3 Players Forward
Forward Time % Phy DF OF
1 Evan Rodrigues 60 1 3 1
2 Adam Brooks 40 1 3 1
Penalty Kill - 3 Players Defense
Defense Defense Time % Phy DF OF
1 Brett Kulak Dakota Mermis 60 1 3 1
2 John Marino Matthew Finn 40 1 3 1
4 vs 4 Forward
Center Wing Time % Phy DF OF
1 Evan Rodrigues Iven Barbashev 60 1 1 3
2 Adam Brooks Eetu Luostarinen 40 1 1 3
4 vs 4 Defense
Defense Defense Time % Phy DF OF
1 Brett Kulak Dakota Mermis 60 1 1 3
2 John Marino Matthew Finn 40 1 1 3
Last Minutes Offensive
Center Left Wing Right Wing Defense Defense
Evan Rodrigues Iven Barbashev Max Gortz Brett Kulak Dakota Mermis
Last Minutes Defensive
Center Left Wing Right Wing Defense Defense
Evan Rodrigues Iven Barbashev Max Gortz Brett Kulak Dakota Mermis
Goaltenders
Starting : Anthony Stolarz
Backup : Zachary Bouthillier
Extra Forwards
Normal : Max Gortz, Denis Malgin, Clayton Keller - PP : Max Gortz, Denis Malgin - PK : Max Gortz
Extra Defensemen
Normal : Matthew Finn, Alexander Romanov, Noah Dobson - PP : Matthew Finn - PK : Matthew Finn, Alexander Romanov
Penalty Shots
Iven Barbashev, Evan Rodrigues, Eetu Luostarinen, Adam Brooks, Max Gortz
Custom OT Lines Forwards
Iven Barbashev, Evan Rodrigues, Eetu Luostarinen, Adam Brooks, Max Gortz, Denis Malgin, Clayton Keller, Jeff Malott, Jesper Boqvist, Philipp Kurashev
Custom OT Lines Defensemen
Brett Kulak, Dakota Mermis, John Marino, Matthew Finn, Alexander Romanov
Scratches
Jesperi Kotkaniemi (Bruised Left Foot Injury), Brett Pollock (Healthy), Juuso Ikonen (Healthy), Kevin Stenlund (Healthy), Austin Strand (Healthy)
Ryan MacInnis (Healthy), Sam Kurker (Fractured Bone in Right Hand Injury), Steven Spinner (Healthy), Shawn Boudrias (Healthy)
Wranglers
5 vs 5 Forward
Center Left Wing Right Wing Time % Phy DF OF
1 Nico Sturm Peter Cehlarik Evgeny Svechnikov 40 1 2 2
2 Ryan Spooner Jesper Bratt Barclay Goodrow 30 1 2 2
3 Ryan Donato Eric Karlsson Taylor Raddysh 20 1 2 2
4 Vladislav Kamenev Vitali Kravtsov Tage Thompson 10 1 2 2
5 vs 5 Defense
Defense Defense Time % Phy DF OF
1 Petteri Lindbohm Rasmus Andersson 40 1 2 2
2 Erik Brannstrom Frank Corrado 30 1 2 2
3 Christian Jaros Brandon Hickey 20 1 2 2
4 Petteri Lindbohm Brandon Hickey 10 1 2 2
PowerPlay Forward
Center Left Wing Right Wing Time % Phy DF OF
1 Nico Sturm Jesper Bratt Evgeny Svechnikov 60 1 2 2
2 Ryan Spooner Ryan Donato Barclay Goodrow 40 1 2 2
PowerPlay Defense
Defense Defense Time % Phy DF OF
1 Erik Brannstrom Rasmus Andersson 60 1 2 2
2 Petteri Lindbohm Frank Corrado 40 1 2 2
Penalty Kill 4 Players Forward
Center Wing Time % Phy DF OF
1 Peter Cehlarik Barclay Goodrow 60 1 2 2
2 Nico Sturm Jesper Bratt 40 1 2 2
Penalty Kill 4 Players Defense
Defense Defense Time % Phy DF OF
1 Petteri Lindbohm Rasmus Andersson 60 1 2 2
2 Christian Jaros Brandon Hickey 40 1 2 2
Penalty Kill - 3 Players Forward
Forward Time % Phy DF OF
1 Ryan Spooner 60 1 2 2
2 Barclay Goodrow 40 1 2 2
Penalty Kill - 3 Players Defense
Defense Defense Time % Phy DF OF
1 Petteri Lindbohm Rasmus Andersson 60 1 2 2
2 Christian Jaros Brandon Hickey 40 1 2 2
4 vs 4 Forward
Center Wing Time % Phy DF OF
1 Nico Sturm Jesper Bratt 60 1 2 2
2 Ryan Spooner Evgeny Svechnikov 40 1 2 2
4 vs 4 Defense
Defense Defense Time % Phy DF OF
1 Petteri Lindbohm Rasmus Andersson 60 1 2 2
2 Erik Brannstrom Frank Corrado 40 1 2 2
Last Minutes Offensive
Center Left Wing Right Wing Defense Defense
Nico Sturm Jesper Bratt Evgeny Svechnikov Erik Brannstrom Rasmus Andersson
Last Minutes Defensive
Center Left Wing Right Wing Defense Defense
Nico Sturm Peter Cehlarik Barclay Goodrow Petteri Lindbohm Rasmus Andersson
Goaltenders
Starting : Michael Hutchinson
Backup : Joel Hofer
Extra Forwards
Normal : Jesper Bratt, Peter Cehlarik, Barclay Goodrow - PP : Peter Cehlarik, Eric Karlsson - PK : Peter Cehlarik
Extra Defensemen
Normal : Petteri Lindbohm, Brandon Hickey, Christian Jaros - PP : Frank Corrado - PK : Brandon Hickey, Christian Jaros
Penalty Shots
Jesper Bratt, Evgeny Svechnikov, Peter Cehlarik, Vitali Kravtsov, Ryan Spooner
Custom OT Lines Forwards
Peter Cehlarik, Evgeny Svechnikov, Nico Sturm, Jesper Bratt, Ryan Spooner, Eric Karlsson, Ryan Donato, Taylor Raddysh, Barclay Goodrow, Vitali Kravtsov
Custom OT Lines Defensemen
Rasmus Andersson, Erik Brannstrom, Petteri Lindbohm, Frank Corrado, Brandon Hickey
Scratches
Filip Hallander (Healthy), Dominik Masin (Healthy), Skyler Brind'Amour (Healthy), John Gilmour (Healthy), Darren Raddysh (Healthy)
Tim Berni (Healthy), Ivan Chekhovich (Healthy), Trevor Carrick (Healthy), Radim Zohorna (Healthy), Demetrios Koumontzis (Healthy)
Vitek Vanecek (Healthy), Collin Delia (Healthy)
% Time on Ice - Penguins
Lines # - Real PCT - Wanted PCT - Time Play
Normal Forward
1 - 34% - 40% - 15:13
2 - 28% - 30% - 12:41
3 - 23% - 20% - 10:18
4 - 15% - 10% - 6:42
Normal Defense
1 - 38% - 40% - 17:17
2 - 30% - 30% - 13:41
3 - 24% - 20% - 10:59
4 - 7% - 10% - 2:57
PP Forward
1 - 54% - 60% - 3:35
2 - 46% - 40% - 3:01
PP Defense
1 - 54% - 60% - 3:35
2 - 46% - 40% - 3:01
PK Forward
1 - 62% - 60% - 5:17
2 - 38% - 40% - 3:13
PK Defense
1 - 63% - 60% - 5:19
2 - 37% - 40% - 3:11
PK3 Forward
1 - 0% - 60%
2 - 0% - 40%
PK3 Defense
1 - 0% - 60%
2 - 0% - 40%
44 Forward
1 - 0% - 60%
2 - 0% - 40%
44 Defense
1 - 0% - 60%
2 - 0% - 40%
Last Minute Offensive - 0:00
Last Minute Defensive - 0:00
Total
Forward - 60:00
Defense - 60:00
|
% Time on Ice - Wranglers
Lines # - Real PCT - Wanted PCT - Time Play
Normal Forward
1 - 33% - 40% - 14:51
2 - 26% - 30% - 11:37
3 - 24% - 20% - 10:49
4 - 17% - 10% - 7:37
Normal Defense
1 - 39% - 40% - 17:37
2 - 34% - 30% - 15:03
3 - 23% - 20% - 10:30
4 - 4% - 10% - 1:44
PP Forward
1 - 59% - 60% - 5:03
2 - 41% - 40% - 3:27
PP Defense
1 - 69% - 60% - 5:54
2 - 31% - 40% - 2:36
PK Forward
1 - 74% - 60% - 4:52
2 - 26% - 40% - 1:44
PK Defense
1 - 58% - 60% - 3:50
2 - 42% - 40% - 2:46
PK3 Forward
1 - 0% - 60%
2 - 0% - 40%
PK3 Defense
1 - 0% - 60%
2 - 0% - 40%
44 Forward
1 - 0% - 60%
2 - 0% - 40%
44 Defense
1 - 0% - 60%
2 - 0% - 40%
Last Minute Offensive - 0:00
Last Minute Defensive - 0:00
Total
Forward - 60:00
Defense - 60:00
|
Play-by-Play
1st period
0:01 of 1st period - Nico Sturm wins face-off versus Evan Rodrigues in neutral zone.
0:06 of 1st period - Slapshot by Rasmus Andersson.
0:06 of 1st period - Shot Misses the Net.
0:08 of 1st period - Slapshot by Petteri Lindbohm.
0:08 of 1st period - Shot Misses the Net.
0:10 of 1st period - Wrist shot by Nico Sturm.
0:10 of 1st period - Stopped by Anthony Stolarz without a rebound.
0:11 of 1st period - Ryan Spooner wins face-off versus Adam Brooks in Penguins zone.
0:29 of 1st period - Minor Penalty to John Marino for Interference.
0:30 of 1st period - Nico Sturm wins face-off versus Evan Rodrigues in Penguins zone.
0:46 of 1st period - Slapshot by Rasmus Andersson.
0:46 of 1st period - Goal by Rasmus Andersson - Penguins : 0 - Wranglers : 1.
0:47 of 1st period - Ryan Donato wins face-off versus Denis Malgin in neutral zone.
1:12 of 1st period - Iven Barbashev is hit by Peter Cehlarik and loses puck.
1:39 of 1st period - Vladislav Kamenev is hit by Dakota Mermis.
1:50 of 1st period - Off-side.
1:51 of 1st period - Eetu Luostarinen wins face-off versus Ryan Spooner in neutral zone.
1:54 of 1st period - Wrist shot by Adam Brooks.
1:54 of 1st period - Shot Misses the Net.
1:56 of 1st period - Slapshot by Matthew Finn.
1:56 of 1st period - Shot Misses the Net.
1:58 of 1st period - Backhand shot by Matthew Finn.
1:58 of 1st period - Shot Blocked by Rasmus Andersson.
2:02 of 1st period - Snap shot by Adam Brooks.
2:02 of 1st period - Stopped by Michael Hutchinson with a rebound.
2:04 of 1st period - Wrist shot by Eetu Luostarinen.
2:04 of 1st period - Shot Misses the Net.
2:41 of 1st period - Snap shot by Taylor Raddysh.
2:41 of 1st period - Deflect By Eric Karlsson.
2:41 of 1st period - Stopped by Anthony Stolarz without a rebound.
2:42 of 1st period - Ryan Donato wins face-off versus Evan Rodrigues in Penguins zone.
2:43 of 1st period - Slapshot by Erik Brannstrom.
2:43 of 1st period - Stopped by Anthony Stolarz with a rebound.
3:29 of 1st period - Wrist shot by Evan Rodrigues.
3:29 of 1st period - Shot Blocked by Christian Jaros.
3:39 of 1st period - Snap shot by Ryan Donato.
3:39 of 1st period - Shot Misses the Net.
3:41 of 1st period - Snap shot by Brandon Hickey.
3:41 of 1st period - Stopped by Anthony Stolarz without a rebound.
3:42 of 1st period - Nico Sturm wins face-off versus Adam Brooks in Penguins zone.
3:43 of 1st period - Snap shot by Evgeny Svechnikov.
3:43 of 1st period - Shot Blocked by Matthew Finn.
3:56 of 1st period - Snap shot by Clayton Keller.
3:56 of 1st period - Shot Misses the Net.
3:58 of 1st period - Slapshot by Matthew Finn.
3:58 of 1st period - Shot Blocked by Erik Brannstrom.
4:19 of 1st period - Wrist shot by Josh Ho-Sang.
4:19 of 1st period - Stopped by Michael Hutchinson without a rebound.
4:20 of 1st period - Eetu Luostarinen wins face-off versus Ryan Spooner in Wranglers zone.
4:23 of 1st period - Snap shot by Clayton Keller.
4:23 of 1st period - Stopped by Michael Hutchinson with a rebound.
4:52 of 1st period - Wrist shot by Vladislav Kamenev.
4:52 of 1st period - Stopped by Anthony Stolarz without a rebound.
4:53 of 1st period - Nico Sturm wins face-off versus Denis Malgin in Penguins zone.
5:48 of 1st period - Minor Penalty to Brett Kulak for Holding.
5:49 of 1st period - Nico Sturm wins face-off versus Iven Barbashev in Penguins zone.
5:59 of 1st period - Wrist shot by Nico Sturm.
5:59 of 1st period - Shot Misses the Net.
6:01 of 1st period - Wrist shot by Nico Sturm.
6:01 of 1st period - Shot Misses the Net.
6:03 of 1st period - Slapshot by Nico Sturm.
6:03 of 1st period - Stopped by Anthony Stolarz without a rebound.
6:04 of 1st period - Evan Rodrigues wins face-off versus Nico Sturm in Penguins zone.
6:13 of 1st period - Snap shot by Evan Rodrigues.
6:13 of 1st period - Shot Blocked by Jesper Bratt.
6:15 of 1st period - Slapshot by Dakota Mermis.
6:15 of 1st period - Shot Misses the Net.
6:17 of 1st period - Slapshot by Dakota Mermis.
6:17 of 1st period - Shot Misses the Net.
6:19 of 1st period - Slapshot by Evan Rodrigues.
6:19 of 1st period - Stopped by Michael Hutchinson with a rebound.
6:49 of 1st period - Nico Sturm is hit by Alexander Romanov.
7:48 of 1st period - Penalty to Brett Kulak is over, Brett Kulak is back on ice.
7:52 of 1st period - Snap shot by Adam Brooks.
7:52 of 1st period - Stopped by Michael Hutchinson without a rebound.
7:53 of 1st period - Vladislav Kamenev wins face-off versus Denis Malgin in Wranglers zone.
8:08 of 1st period - Wrist shot by Vitali Kravtsov.
8:08 of 1st period - Shot Misses the Net.
8:18 of 1st period - Christian Jaros is hit by Alexander Romanov and loses puck.
8:43 of 1st period - Wrist shot by Ryan Donato.
8:43 of 1st period - Stopped by Anthony Stolarz with a rebound.
8:45 of 1st period - Slapshot by Nico Sturm.
8:45 of 1st period - Stopped by Anthony Stolarz with a rebound.
8:47 of 1st period - Snap shot by Nico Sturm.
8:47 of 1st period - Deflect By Peter Cehlarik.
8:47 of 1st period - Shot Blocked by John Marino.
8:47 of 1st period - Puck is out of play.
8:48 of 1st period - Evan Rodrigues wins face-off versus Nico Sturm in Penguins zone.
9:00 of 1st period - Off-side.
9:01 of 1st period - Nico Sturm wins face-off versus Evan Rodrigues in neutral zone.
9:13 of 1st period - Minor Penalty to Brett Kulak for Tripping.
9:14 of 1st period - Nico Sturm wins face-off versus Evan Rodrigues in Penguins zone.
9:18 of 1st period - Snap shot by Jesper Bratt.
9:18 of 1st period - Stopped by Anthony Stolarz with a rebound.
9:20 of 1st period - Snap shot by Nico Sturm.
9:20 of 1st period - Shot Misses the Net.
9:22 of 1st period - Snap shot by Nico Sturm.
9:22 of 1st period - Deflect By Evgeny Svechnikov.
9:22 of 1st period - Shot Misses the Net.
9:22 of 1st period - Puck is out of play.
9:23 of 1st period - Nico Sturm wins face-off versus Evan Rodrigues in Penguins zone.
9:24 of 1st period - Snap shot by Evgeny Svechnikov.
9:24 of 1st period - Shot Blocked by Matthew Finn.
9:26 of 1st period - Slapshot by Rasmus Andersson.
9:26 of 1st period - Shot Blocked by Matthew Finn.
9:28 of 1st period - Slapshot by Erik Brannstrom.
9:28 of 1st period - Deflect By Evgeny Svechnikov.
9:28 of 1st period - Shot Misses the Net.
9:28 of 1st period - Puck is out of play.
9:29 of 1st period - Evan Rodrigues wins face-off versus Nico Sturm in Penguins zone.
9:38 of 1st period - Dakota Mermis is hit by Nico Sturm and loses puck.
9:43 of 1st period - Wrist shot by Evgeny Svechnikov.
9:43 of 1st period - Stopped by Anthony Stolarz with a rebound.
9:59 of 1st period - Slapshot by Rasmus Andersson.
9:59 of 1st period - Shot Misses the Net.
10:01 of 1st period - Slapshot by Erik Brannstrom.
10:01 of 1st period - Shot Misses the Net.
10:29 of 1st period - Slapshot by Rasmus Andersson.
10:29 of 1st period - Shot Blocked by Matthew Finn.
10:31 of 1st period - Slapshot by Rasmus Andersson.
10:31 of 1st period - Shot Misses the Net.
10:33 of 1st period - Slapshot by Rasmus Andersson.
10:33 of 1st period - Deflect By Jesper Bratt.
10:33 of 1st period - Stopped by Anthony Stolarz without a rebound.
10:34 of 1st period - Jesper Bratt wins face-off versus Adam Brooks in Penguins zone.
11:13 of 1st period - Penalty to Brett Kulak is over, Brett Kulak is back on ice.
11:13 of 1st period - Wrist shot by Jesper Bratt.
11:13 of 1st period - Shot Misses the Net.
11:15 of 1st period - Snap shot by Jesper Bratt.
11:15 of 1st period - Stopped by Anthony Stolarz with a rebound.
11:17 of 1st period - Snap shot by Jesper Bratt.
11:17 of 1st period - Stopped by Anthony Stolarz with a rebound.
11:41 of 1st period - Wrist shot by Nico Sturm.
11:41 of 1st period - Stopped by Anthony Stolarz with a rebound.
11:43 of 1st period - Slapshot by Rasmus Andersson.
11:43 of 1st period - Shot Misses the Net.
11:49 of 1st period - Snap shot by Jesper Bratt.
11:49 of 1st period - Stopped by Anthony Stolarz without a rebound.
11:50 of 1st period - Evan Rodrigues wins face-off versus Ryan Donato in Penguins zone.
11:50 of 1st period - Evan Rodrigues is hit by Eric Karlsson.
12:02 of 1st period - Snap shot by Evan Rodrigues.
12:02 of 1st period - Stopped by Michael Hutchinson with a rebound.
12:04 of 1st period - Wrist shot by Max Gortz.
12:04 of 1st period - Shot Blocked by Brandon Hickey.
12:41 of 1st period - Wrist shot by Ryan Spooner.
12:41 of 1st period - Shot Misses the Net.
12:57 of 1st period - Snap shot by Evan Rodrigues.
12:57 of 1st period - Deflect By Max Gortz.
12:57 of 1st period - Stopped by Michael Hutchinson without a rebound.
12:58 of 1st period - Ryan Donato wins face-off versus Evan Rodrigues in Wranglers zone.
13:11 of 1st period - Snap shot by Max Gortz.
13:11 of 1st period - Shot Misses the Net.
13:23 of 1st period - Slapshot by Petteri Lindbohm.
13:23 of 1st period - Shot Misses the Net.
13:33 of 1st period - Snap shot by Denis Malgin.
13:33 of 1st period - Stopped by Michael Hutchinson without a rebound.
13:34 of 1st period - Max Gortz wins face-off versus Nico Sturm in Wranglers zone.
13:35 of 1st period - Wrist shot by Iven Barbashev.
13:35 of 1st period - Stopped by Michael Hutchinson with a rebound.
13:59 of 1st period - Brett Kulak is hit by Barclay Goodrow and loses puck.
14:08 of 1st period - Wrist shot by Jesper Bratt.
14:08 of 1st period - Shot Misses the Net.
14:22 of 1st period - John Marino is hit by Ryan Donato and loses puck.
14:31 of 1st period - Slapshot by Ryan Donato.
14:31 of 1st period - Shot Blocked by John Marino.
14:55 of 1st period - Nico Sturm is hit by Evan Rodrigues and loses puck.
15:12 of 1st period - Off-side.
15:13 of 1st period - Vladislav Kamenev wins face-off versus Adam Brooks in neutral zone.
15:24 of 1st period - Slapshot by Rasmus Andersson.
15:24 of 1st period - Shot Blocked by Adam Brooks.
15:46 of 1st period - Slapshot by Max Gortz.
15:46 of 1st period - Stopped by Michael Hutchinson with a rebound.
15:48 of 1st period - Slapshot by Iven Barbashev.
15:48 of 1st period - Stopped by Michael Hutchinson with a rebound.
16:06 of 1st period - Alexander Romanov is hit by Peter Cehlarik and loses puck.
16:34 of 1st period - Wrist shot by Philipp Kurashev.
16:34 of 1st period - Stopped by Michael Hutchinson with a rebound.
16:36 of 1st period - Slapshot by Noah Dobson.
16:36 of 1st period - Stopped by Michael Hutchinson without a rebound.
16:37 of 1st period - Nico Sturm wins face-off versus Evan Rodrigues in Wranglers zone.
16:52 of 1st period - Slapshot by Rasmus Andersson.
16:52 of 1st period - Stopped by Anthony Stolarz with a rebound.
17:14 of 1st period - Slapshot by Clayton Keller.
17:14 of 1st period - Shot Misses the Net.
17:16 of 1st period - Slapshot by John Marino.
17:16 of 1st period - Deflect By Adam Brooks.
17:16 of 1st period - Shot Blocked by Jesper Bratt.
17:16 of 1st period - Puck is out of play.
17:17 of 1st period - Peter Cehlarik wins face-off versus Denis Malgin in Wranglers zone.
17:22 of 1st period - Snap shot by Denis Malgin.
17:22 of 1st period - Stopped by Michael Hutchinson without a rebound.
17:23 of 1st period - Jeff Malott wins face-off versus Nico Sturm in Wranglers zone.
17:32 of 1st period - Wrist shot by Jesper Boqvist.
17:32 of 1st period - Shot Misses the Net.
17:34 of 1st period - Slapshot by Dakota Mermis.
17:34 of 1st period - Shot Misses the Net.
17:36 of 1st period - Slapshot by Dakota Mermis.
17:36 of 1st period - Shot Misses the Net.
17:38 of 1st period - Slapshot by Brett Kulak.
17:38 of 1st period - Shot Blocked by Peter Cehlarik.
17:58 of 1st period - Slapshot by Rasmus Andersson.
17:58 of 1st period - Shot Misses the Net.
18:20 of 1st period - Wrist shot by Philipp Kurashev.
18:20 of 1st period - Shot Misses the Net.
18:28 of 1st period - Sampo Ranta is hit by Eric Karlsson and loses puck.
18:41 of 1st period - Slapshot by John Marino.
18:41 of 1st period - Stopped by Michael Hutchinson with a rebound.
19:25 of 1st period - Snap shot by Iven Barbashev.
19:25 of 1st period - Stopped by Michael Hutchinson without a rebound.
19:26 of 1st period - Jesper Bratt wins face-off versus Evan Rodrigues in Wranglers zone.
19:54 of 1st period - Icing by Peter Cehlarik.
19:55 of 1st period - Adam Brooks wins face-off versus Nico Sturm in Wranglers zone.
Goals for this period are 0 for Penguins vs 1 for Wranglers.
Shots for this period are 16 for Penguins vs 17 for Wranglers.
2nd period
0:01 of 2nd period - Nico Sturm wins face-off versus Evan Rodrigues in neutral zone.
0:08 of 2nd period - Snap shot by Peter Cehlarik.
0:08 of 2nd period - Goal by Peter Cehlarik - Penguins : 0 - Wranglers : 2.
0:09 of 2nd period - Ryan Spooner wins face-off versus Evan Rodrigues in neutral zone.
0:16 of 2nd period - Wrist shot by Ryan Spooner.
0:16 of 2nd period - Stopped by Anthony Stolarz with a rebound.
0:18 of 2nd period - Slapshot by Barclay Goodrow.
0:18 of 2nd period - Shot Blocked by Brett Kulak.
0:51 of 2nd period - Snap shot by Iven Barbashev.
0:51 of 2nd period - Stopped by Michael Hutchinson with a rebound.
0:59 of 2nd period - Nico Sturm is hit by Evan Rodrigues and loses puck.
1:07 of 2nd period - Icing by Evgeny Svechnikov.
1:08 of 2nd period - Nico Sturm wins face-off versus Adam Brooks in Wranglers zone.
1:44 of 2nd period - Snap shot by Peter Cehlarik.
1:44 of 2nd period - Shot Misses the Net.
1:46 of 2nd period - Backhand shot by Nico Sturm.
1:46 of 2nd period - Goal by Nico Sturm - Penguins : 0 - Wranglers : 3.
1:47 of 2nd period - Clayton Keller wins face-off versus Ryan Spooner in neutral zone.
2:39 of 2nd period - Snap shot by Josh Ho-Sang.
2:39 of 2nd period - Stopped by Michael Hutchinson with a rebound.
3:11 of 2nd period - Dakota Mermis is hit by Jesper Bratt.
3:21 of 2nd period - Wrist shot by Ryan Spooner.
3:21 of 2nd period - Deflect By Jesper Bratt.
3:21 of 2nd period - Shot Misses the Net.
3:21 of 2nd period - Puck is out of play.
3:22 of 2nd period - Evan Rodrigues wins face-off versus Nico Sturm in Penguins zone.
3:37 of 2nd period - Wrist shot by Iven Barbashev.
3:37 of 2nd period - Shot Misses the Net.
4:11 of 2nd period - Wrist shot by Nico Sturm.
4:11 of 2nd period - Deflect By Brett Kulak.
4:11 of 2nd period - Stopped by Anthony Stolarz with a rebound.
4:13 of 2nd period - Wrist shot by Peter Cehlarik.
4:13 of 2nd period - Stopped by Anthony Stolarz with a rebound.
4:15 of 2nd period - Snap shot by Peter Cehlarik.
4:15 of 2nd period - Shot Blocked by Dakota Mermis.
4:21 of 2nd period - Wrist shot by Evgeny Svechnikov.
4:21 of 2nd period - Stopped by Anthony Stolarz without a rebound.
4:22 of 2nd period - Adam Brooks wins face-off versus Ryan Spooner in Penguins zone.
4:24 of 2nd period - Minor Penalty to John Marino for Boarding.
4:25 of 2nd period - Ryan Spooner wins face-off versus Evan Rodrigues in Penguins zone.
4:29 of 2nd period - Slapshot by Ryan Spooner.
4:29 of 2nd period - Goal by Ryan Spooner - Penguins : 0 - Wranglers : 4.
4:30 of 2nd period - Ryan Spooner wins face-off versus Adam Brooks in neutral zone.
4:55 of 2nd period - Rasmus Andersson is hit by Dakota Mermis and loses puck.
6:44 of 2nd period - Josh Ho-Sang is hit by Frank Corrado and loses puck.
7:00 of 2nd period - Icing by Erik Brannstrom.
7:01 of 2nd period - Denis Malgin wins face-off versus Ryan Spooner in Wranglers zone.
7:04 of 2nd period - Snap shot by Iven Barbashev.
7:04 of 2nd period - Stopped by Michael Hutchinson with a rebound.
7:06 of 2nd period - Wrist shot by Iven Barbashev.
7:06 of 2nd period - Stopped by Michael Hutchinson without a rebound.
7:07 of 2nd period - Ryan Spooner wins face-off versus Evan Rodrigues in Wranglers zone.
7:18 of 2nd period - Snap shot by Iven Barbashev.
7:18 of 2nd period - Shot Misses the Net.
7:20 of 2nd period - Slapshot by Noah Dobson.
7:20 of 2nd period - Shot Blocked by Brandon Hickey.
7:22 of 2nd period - Snap shot by Iven Barbashev.
7:22 of 2nd period - Stopped by Michael Hutchinson without a rebound.
7:23 of 2nd period - Adam Brooks wins face-off versus Nico Sturm in Wranglers zone.
7:28 of 2nd period - Slapshot by Brett Kulak.
7:28 of 2nd period - Shot Misses the Net.
7:48 of 2nd period - Max Gortz is hit by Jesper Bratt.
7:59 of 2nd period - Backhand shot by Barclay Goodrow.
7:59 of 2nd period - Stopped by Anthony Stolarz with a rebound.
8:13 of 2nd period - Wrist shot by Denis Malgin.
8:13 of 2nd period - Shot Misses the Net.
8:15 of 2nd period - Slapshot by Brett Kulak.
8:15 of 2nd period - Shot Blocked by Christian Jaros.
8:17 of 2nd period - Snap shot by Brett Kulak.
8:17 of 2nd period - Shot Misses the Net.
8:19 of 2nd period - Snap shot by Denis Malgin.
8:19 of 2nd period - Deflect By Jesper Boqvist.
8:19 of 2nd period - Stopped by Michael Hutchinson with a rebound.
8:25 of 2nd period - Minor Penalty to Ryan Donato for Hooking.
8:26 of 2nd period - Evan Rodrigues wins face-off versus Peter Cehlarik in Wranglers zone.
8:52 of 2nd period - Rasmus Andersson is hit by Matthew Finn and loses puck.
9:31 of 2nd period - Wrist shot by Adam Brooks.
9:31 of 2nd period - Goal by Adam Brooks - Penguins : 1 - Wranglers : 4.
9:32 of 2nd period - Evan Rodrigues wins face-off versus Nico Sturm in neutral zone.
9:45 of 2nd period - Snap shot by Max Gortz.
9:45 of 2nd period - Shot Misses the Net.
10:18 of 2nd period - Snap shot by Adam Brooks.
10:18 of 2nd period - Stopped by Michael Hutchinson without a rebound.
10:19 of 2nd period - Ryan Donato wins face-off versus Adam Brooks in Wranglers zone.
10:19 of 2nd period - Ryan Donato is hit by Brett Kulak.
10:31 of 2nd period - Slapshot by Rasmus Andersson.
10:31 of 2nd period - Shot Blocked by Eetu Luostarinen.
11:43 of 2nd period - Wrist shot by Eric Karlsson.
11:43 of 2nd period - Shot Misses the Net.
11:45 of 2nd period - Slapshot by Rasmus Andersson.
11:45 of 2nd period - Shot Misses the Net.
11:47 of 2nd period - Slapshot by Petteri Lindbohm.
11:47 of 2nd period - Shot Misses the Net.
11:49 of 2nd period - Wrist shot by Eric Karlsson.
11:49 of 2nd period - Shot Misses the Net.
11:51 of 2nd period - Snap shot by Eric Karlsson.
11:51 of 2nd period - Stopped by Anthony Stolarz without a rebound.
11:52 of 2nd period - Nico Sturm wins face-off versus Evan Rodrigues in Penguins zone.
11:53 of 2nd period - Snap shot by Peter Cehlarik.
11:53 of 2nd period - Shot Misses the Net.
13:33 of 2nd period - Slapshot by Tage Thompson.
13:33 of 2nd period - Stopped by Anthony Stolarz with a rebound.
14:16 of 2nd period - Jeff Malott is hit by Frank Corrado and loses puck.
14:44 of 2nd period - Evgeny Svechnikov is hit by Dakota Mermis and loses puck.
14:57 of 2nd period - Christian Jaros is hit by Iven Barbashev and loses puck.
15:41 of 2nd period - Frank Corrado is hit by Sampo Ranta and loses puck.
16:13 of 2nd period - Snap shot by Jesper Bratt.
16:13 of 2nd period - Shot Misses the Net.
16:15 of 2nd period - Snap shot by Jesper Bratt.
16:15 of 2nd period - Deflect By Josh Ho-Sang.
16:15 of 2nd period - Stopped by Anthony Stolarz without a rebound.
16:16 of 2nd period - Ryan Spooner wins face-off versus Philipp Kurashev in Penguins zone.
16:23 of 2nd period - Snap shot by John Marino.
16:23 of 2nd period - Shot Blocked by Rasmus Andersson.
16:31 of 2nd period - Slapshot by Rasmus Andersson.
16:31 of 2nd period - Stopped by Anthony Stolarz with a rebound.
17:08 of 2nd period - Wrist shot by Evgeny Svechnikov.
17:08 of 2nd period - Deflect By Brett Kulak.
17:08 of 2nd period - Shot Blocked by Brett Kulak.
17:08 of 2nd period - Puck is out of play.
17:09 of 2nd period - Evan Rodrigues wins face-off versus Ryan Donato in Penguins zone.
17:20 of 2nd period - Slapshot by Alexander Romanov.
17:20 of 2nd period - Deflect By Petteri Lindbohm.
17:20 of 2nd period - Stopped by Michael Hutchinson with a rebound.
17:22 of 2nd period - Snap shot by Iven Barbashev.
17:22 of 2nd period - Goal by Iven Barbashev - Penguins : 2 - Wranglers : 4.
17:23 of 2nd period - Evan Rodrigues wins face-off versus Nico Sturm in neutral zone.
17:26 of 2nd period - Snap shot by Max Gortz.
17:26 of 2nd period - Shot Misses the Net.
17:28 of 2nd period - Slapshot by Evan Rodrigues.
17:28 of 2nd period - Stopped by Michael Hutchinson without a rebound.
17:29 of 2nd period - Evan Rodrigues wins face-off versus Nico Sturm in Wranglers zone.
17:37 of 2nd period - Snap shot by Iven Barbashev.
17:37 of 2nd period - Shot Misses the Net.
18:42 of 2nd period - Slapshot by Erik Brannstrom.
18:42 of 2nd period - Shot Misses the Net.
18:44 of 2nd period - Slapshot by Frank Corrado.
18:44 of 2nd period - Shot Blocked by Alexander Romanov.
18:51 of 2nd period - Minor Penalty to Philipp Kurashev for Tripping.
18:52 of 2nd period - Evgeny Svechnikov wins face-off versus Evan Rodrigues in Penguins zone.
19:36 of 2nd period - Ryan Spooner is hit by Brett Kulak.
Goals for this period are 2 for Penguins vs 3 for Wranglers.
Shots for this period are 11 for Penguins vs 12 for Wranglers.
3rd period
0:01 of 3rd period - Nico Sturm wins face-off versus Evan Rodrigues in neutral zone.
0:06 of 3rd period - Snap shot by Rasmus Andersson.
0:06 of 3rd period - Shot Misses the Net.
0:16 of 3rd period - Brett Kulak is hit by Erik Brannstrom.
0:26 of 3rd period - Dakota Mermis is hit by Barclay Goodrow and loses puck.
0:51 of 3rd period - Penalty to Philipp Kurashev is over, Philipp Kurashev is back on ice.
1:03 of 3rd period - Snap shot by Frank Corrado.
1:03 of 3rd period - Deflect By Adam Brooks.
1:03 of 3rd period - Stopped by Anthony Stolarz with a rebound.
1:22 of 3rd period - Snap shot by Taylor Raddysh.
1:22 of 3rd period - Shot Misses the Net.
1:34 of 3rd period - Matthew Finn is hit by Jesper Bratt and loses puck.
2:49 of 3rd period - Off-side.
2:50 of 3rd period - Iven Barbashev wins face-off versus Ryan Donato in neutral zone.
4:12 of 3rd period - Snap shot by Taylor Raddysh.
4:12 of 3rd period - Shot Blocked by John Marino.
4:38 of 3rd period - Off-side.
4:39 of 3rd period - Evan Rodrigues wins face-off versus Vladislav Kamenev in neutral zone.
4:41 of 3rd period - Off-side.
4:42 of 3rd period - Evan Rodrigues wins face-off versus Nico Sturm in neutral zone.
4:44 of 3rd period - Dakota Mermis is hit by Erik Brannstrom and loses puck.
4:57 of 3rd period - Slapshot by Nico Sturm.
4:57 of 3rd period - Shot Blocked by Max Gortz.
4:59 of 3rd period - Snap shot by Erik Brannstrom.
4:59 of 3rd period - Stopped by Anthony Stolarz with a rebound.
5:09 of 3rd period - Wrist shot by Brett Kulak.
5:09 of 3rd period - Shot Blocked by Jesper Bratt.
5:11 of 3rd period - Slapshot by Brett Kulak.
5:11 of 3rd period - Shot Blocked by Barclay Goodrow.
5:13 of 3rd period - Slapshot by Dakota Mermis.
5:13 of 3rd period - Stopped by Michael Hutchinson without a rebound.
5:14 of 3rd period - Clayton Keller wins face-off versus Ryan Spooner in Wranglers zone.
5:15 of 3rd period - Snap shot by Adam Brooks.
5:15 of 3rd period - Deflect By Eetu Luostarinen.
5:15 of 3rd period - Stopped by Michael Hutchinson without a rebound.
5:16 of 3rd period - Ryan Spooner wins face-off versus Adam Brooks in Wranglers zone.
5:37 of 3rd period - Minor Penalty to Clayton Keller for Roughing.
5:38 of 3rd period - Nico Sturm wins face-off versus Evan Rodrigues in Penguins zone.
6:23 of 3rd period - Slapshot by Matthew Finn.
6:23 of 3rd period - Deflect By Adam Brooks.
6:23 of 3rd period - Shot Misses the Net.
6:23 of 3rd period - Puck is out of play.
6:24 of 3rd period - Evan Rodrigues wins face-off versus Ryan Spooner in Wranglers zone.
6:45 of 3rd period - Wrist shot by Jesper Bratt.
6:45 of 3rd period - Stopped by Anthony Stolarz with a rebound.
7:37 of 3rd period - Penalty to Clayton Keller is over, Clayton Keller is back on ice.
7:58 of 3rd period - Snap shot by Jeff Malott.
7:58 of 3rd period - Stopped by Michael Hutchinson with a rebound.
8:37 of 3rd period - Wrist shot by Jesper Bratt.
8:37 of 3rd period - Goal by Jesper Bratt - Penguins : 2 - Wranglers : 5.
8:38 of 3rd period - Evan Rodrigues wins face-off versus Nico Sturm in neutral zone.
8:45 of 3rd period - Slapshot by Evan Rodrigues.
8:45 of 3rd period - Stopped by Michael Hutchinson without a rebound.
8:46 of 3rd period - Evan Rodrigues wins face-off versus Nico Sturm in Wranglers zone.
8:55 of 3rd period - Snap shot by Iven Barbashev.
8:55 of 3rd period - Shot Misses the Net.
9:10 of 3rd period - Petteri Lindbohm is hit by Brett Kulak and loses puck.
9:31 of 3rd period - Snap shot by Ryan Spooner.
9:31 of 3rd period - Shot Misses the Net.
9:43 of 3rd period - Snap shot by Eric Karlsson.
9:43 of 3rd period - Stopped by Anthony Stolarz with a rebound.
9:49 of 3rd period - Minor Penalty to Denis Malgin for Roughing.
9:50 of 3rd period - Evan Rodrigues wins face-off versus Jesper Bratt in Penguins zone.
9:59 of 3rd period - Slapshot by Erik Brannstrom.
9:59 of 3rd period - Shot Blocked by Brett Kulak.
10:01 of 3rd period - Snap shot by Nico Sturm.
10:01 of 3rd period - Goal by Nico Sturm - Penguins : 2 - Wranglers : 6.
10:02 of 3rd period - Nico Sturm wins face-off versus Evan Rodrigues in neutral zone.
10:02 of 3rd period - Nico Sturm is hit by Dakota Mermis.
10:18 of 3rd period - Off-side.
10:19 of 3rd period - Ryan Spooner wins face-off versus Adam Brooks in neutral zone.
10:44 of 3rd period - Peter Cehlarik is hit by Evan Rodrigues and loses puck.
10:50 of 3rd period - Icing by Erik Brannstrom.
10:51 of 3rd period - Nico Sturm wins face-off versus Evan Rodrigues in Wranglers zone.
10:51 of 3rd period - Nico Sturm is hit by Matthew Finn.
11:17 of 3rd period - Snap shot by Peter Cehlarik.
11:17 of 3rd period - Stopped by Anthony Stolarz with a rebound.
11:19 of 3rd period - Snap shot by Erik Brannstrom.
11:19 of 3rd period - Stopped by Anthony Stolarz with a rebound.
11:21 of 3rd period - Snap shot by Evgeny Svechnikov.
11:21 of 3rd period - Deflect By Peter Cehlarik.
11:21 of 3rd period - Stopped by Anthony Stolarz with a rebound.
11:23 of 3rd period - Snap shot by Nico Sturm.
11:23 of 3rd period - Shot Blocked by Matthew Finn.
11:27 of 3rd period - Wrist shot by Peter Cehlarik.
11:27 of 3rd period - Stopped by Anthony Stolarz with a rebound.
11:29 of 3rd period - Snap shot by Nico Sturm.
11:29 of 3rd period - Stopped by Anthony Stolarz without a rebound.
11:30 of 3rd period - Ryan Spooner wins face-off versus Adam Brooks in Penguins zone.
11:47 of 3rd period - Barclay Goodrow is hit by Clayton Keller and loses puck.
12:48 of 3rd period - Double Minor Penalty to Frank Corrado for Roughing.
12:49 of 3rd period - Peter Cehlarik wins face-off versus Evan Rodrigues in Wranglers zone.
15:20 of 3rd period - Noah Dobson is hit by Ryan Donato and loses puck.
15:38 of 3rd period - Noah Dobson is hit by Jesper Bratt.
16:29 of 3rd period - Evgeny Svechnikov is hit by Denis Malgin and loses puck.
16:48 of 3rd period - Penalty to Frank Corrado is over, Frank Corrado is back on ice.
17:23 of 3rd period - Alexander Romanov is hit by Taylor Raddysh and loses puck.
17:44 of 3rd period - Sampo Ranta is hit by Vladislav Kamenev and loses puck.
18:28 of 3rd period - Minor Penalty to Ryan Donato for High sticking.
18:29 of 3rd period - Peter Cehlarik wins face-off versus Evan Rodrigues in Wranglers zone.
18:40 of 3rd period - Peter Cehlarik is hit by Max Gortz and loses puck.
Goals for this period are 0 for Penguins vs 2 for Wranglers.
Shots for this period are 4 for Penguins vs 11 for Wranglers.